 Seeded DCSS version 0.30-a0-359-gd0147acb1a (webtiles) character file.

Game seed: 11875864161840823782 (custom seed)

67 purpskrrrp the Slasher (level 4, -1/32 (34) HPs)
             Began as a Merfolk Warper on Nov 11, 2022.
             Slain by Terence
             ... wielding the +7 Throatcutter {drain, coup de grace}
              (12 damage)
             ... on level 2 of the Dungeon.
             The game lasted 00:09:18 (1467 turns).

purpskrrrp the Slasher (Merfolk Warper)             Turns: 1467, Time: 00:09:18

HP:   -1/32 (34)    AC:  5    Str: 11    XL:     4   Next: 18%
MP:   7/7           EV: 11    Int: 12    God:
Gold: 808           SH:  0    Dex: 15    Spells: 5/7 levels left

rFire   . . .      SeeInvis .    a - +1 falchion
rCold   . . .      Faith    .    (no shield)
rNeg    . . .      Spirit   .    e - +0 ring mail
rPois   .          Reflect  .    (no helmet)
rElec   .          Harm     .    (no cloak)
rCorr   .          Rampage  .    (no gloves)
Will    .....                    (no boots)
Stlth   +.........               (no amulet)
HPRegen 0.25/turn                (no ring)
MPRegen 0.10/turn                (no ring)

@: drained
A: (nimble swimmer 2), mertail, wild magic 1
a: no special abilities


You were on level 2 of the Dungeon.
You visited 1 branch of the dungeon, and saw 2 of its levels.

You collected 808 gold pieces.

Inventory:

Hand Weapons
 a - a +1 falchion (weapon)
Missiles
 d - 2 boomerangs of dispersal
Armour
 b - a +0 leather armour
 e - a +0 ring mail (worn)
Jewellery
 g - a ring of protection from fire
Scrolls
 h - a scroll of identify
 l - a scroll of noise
Potions
 c - a potion of flight {unknown}
 f - a potion of brilliance {unknown}
 j - a potion of heal wounds {unknown}


   Skills:
 + Level 2.7 Fighting
 * Level 3.5 Long Blades
 - Level 1.0 Throwing
 + Level 1.1 Armour
 + Level 3.2 Dodging
 + Level 2.2 Spellcasting
 + Level 2.6 Translocations


You had 5 spell levels left.
You knew the following spells:

 Your Spells              Type           Power      Damage    Failure   Level
a - Blink                 Tloc           20%        N/A       41%         2

Your spell library contained the following spells:

 Spells                   Type           Power      Damage    Failure   Level
 Beastly Appendage        Tmut           2%         N/A       63%         1
 Lesser Beckoning         Tloc           20%        N/A       63%         3
 Teleport Other           Tloc           10%        N/A       63%         3
 Wereblood                Tmut           1%         N/A       75%         2
 Vhi's Electric Charge    Tloc/Air       10%        N/A       80%         3
 Spider Form              Tmut/Pois      1%         N/A       92%         3
 Manifold Assault         Tloc           10%        N/A       95%         4


Dungeon Overview and Level Annotations

Branches:
Dungeon (2/15)

Altars:

Annotations:
D:2 Terence


Innate Abilities, Weirdness & Mutations

((You are very nimble when in or above water. (Stealth+, EV+, Speed+++)))
Your lower body shifts to a powerful aquatic tail in water.
Your spells are a little harder to cast, but a little more powerful.


Message History

Terence shouts, "Now you die!"
There is a stone staircase leading up here.
Your movement speed is average.
Your attack delay is about 1.1.
Your damage rating with your +1 falchion is about 11 (Base 8 x 112% (Dex) x 111% (Skill) + 1 (Ench)).
Okay, then.
Okay, then.
You climb upwards.
There is a stone staircase leading down, spattered with blood here.
You see here a +0 flail.
There is an open door here.
You see here a +0 dagger.
There is an open door here.
There is an escape hatch in the floor here.
You slide downwards.
The hatch slams shut behind you.
Level annotation: Terence You hit Terence.
You punch Terence.
Terence is moderately wounded.
Terence hits you with the +7 Throatcutter {drain, coup de grace}!
You feel drained.
You barely miss Terence.
Terence is moderately wounded.
Terence hits you with the +7 Throatcutter {drain, coup de grace}!
You feel drained.
Throw: 4 boomerangs (disperse)
Press: ? - help, Shift-Dir - straight line, f - Terence
Aim: Terence, wielding the +7 Throatcutter {drain, coup de grace} and wearing a +0 scale mail (moderately wounded, 63% to hit)
You throw a boomerang of dispersal.
The boomerang of dispersal hits Terence but does no damage.
Terence is moderately wounded.
Terence barely misses you.
Unknown command.
Throw: 3 boomerangs (disperse)
Press: ? - help, Shift-Dir - straight line, f/p - Terence
Aim: Terence, wielding the +7 Throatcutter {drain, coup de grace} and wearing a +0 scale mail (moderately wounded, 63% to hit)
You throw a boomerang of dispersal.
The boomerang of dispersal barely misses Terence.
Terence shouts, "ATTACK!!!"
Terence closely misses you.
Terence hits you with the +7 Throatcutter {drain, coup de grace}!
You die...

.##..###...#................#....
....#....###.#..........#####....
.#....#####..#.#...#.....# #....
#....####...#............# ####@
..........###..#..<......## #.
.....####.##...#..........######.
...)...##.##.....##.####.....##..
..<###..............#####.##.....
...# ####.......@@...............
..#####.............#####.#.####.
........#...........####....###..
.######................#....gg.g.
.# ##.....###..#..##.....######
.# #...#.## #...#.####...###...
######.#...# #.#.#...##.#....g##
##.........# #....##....#.......
#..........# ###......###..@....


You could see Terence.

Vanquished Creatures
  4 gnolls
  A dart slug (D:2)
  4 ball pythons
  A bat (D:1)
  An endoplasm (D:2)
  A giant cockroach (D:1)
  A hobgoblin (D:1)
  2 kobolds
  A quokka (D:1)
  3 frilled lizards (D:1)
  5 goblins (D:1)
  3 rats
27 creatures vanquished.

Notes
Turn   | Place    | Note
-------+----------+-------------------------------------------
     0 | D:1      | purpskrrrp the Merfolk Warper began the quest for the Orb.
     0 | D:1      | Reached XP level 1. HP: 16/16 MP: 3/3
   149 | D:1      | Identified a scroll of acquirement
   149 | D:1      | Acquired 725 gold pieces
   156 | D:1      | Reached XP level 2. HP: 22/23 MP: 5/5
   221 | D:1      | You fall into a shaft and drop 1 floor!
   389 | D:2      | Noticed Terence
   538 | D:1      | Reached XP level 3. HP: 24/28 MP: 6/6
   590 | D:1      | Reached skill level 1 in Armour
   732 | D:1      | Gained mutation: Your spells are a little harder to cast,
                  | but a little more powerful. [potion of mutation]
   736 | D:1      | Learned a level 2 spell: Blink
  1254 | D:2      | Reached XP level 4. HP: 25/34 MP: 7/7
  1467 | D:2      | Slain by Terence

Illustrated notes

Levels and vault maps discovered:
D:1:      amcnicky_arrival_abandoned_market, layout_basic,
          minmay_shallow_snake_nest
D:2:      layout_rooms, uniq_terence

Skill      XL: |  1  2  3 |
---------------+----------+-----
Long Blades    | 3 |  3.5
Dodging        | 3 |  3.2
Armour         | 1 |  1.1
Fighting       | |  2.7
Throwing       | |  1.0
Spellcasting   | |  2.2
Translocations | |  2.6

Action                   |  1- 3 |  4- 6 || total
-------------------------+-------+-------++-------
Melee: Falchion          |    90 |     7 ||    97
       Punch             |     2 |     1 ||     3
Throw: Boomerang         |     3 |     2 ||     5
  Use: Scroll            |     9 |       ||     9
       Potion            |     2 |       ||     2
 Stab: Sleeping          |     1 |       ||     1
Armor: Leather armour    |    27 |       ||    27
       Ring mail         |     2 |     1 ||     3
Dodge: Dodged            |    47 |     9 ||    56

Table legend: (Time is in decaauts)
 A = Elapsed time spent in this place.
 B = Non-inter-level travel time spent in this place.
 C = Inter-level travel time spent in this place.
 D = Time resting spent in this place.
 E = Time spent auto-exploring this place.
 F = Levels seen in this place.
 G = Mean time per level.
                   A        B        C        D        E       F      G
               +--------+--------+--------+--------+--------+-----+--------+
         Total |   1485 |   1244 |    241 |    177 |    527 |   2 |  742.5 |
       Dungeon |   1485 |   1244 |    241 |    177 |    527 |   2 |  742.5 |
               +--------+--------+--------+--------+--------+-----+--------+

Top non-repeatable levels by time:
     D:2: 758 daAuts
     D:1: 727 daAuts
